 Dungeon Crawl Stone Soup version 0.14-a0-1686-g0e827d1 (webtiles) character file.

202 Herrn the Ruffian (level 4, 0/45 HPs)
             Began as a Troll Monk on Dec 30, 2013.
             Slain by MirrMurr's ghost (6 damage)
             ... on Level 3 of the Dungeon.
             The game lasted 00:08:16 (1738 turns).

Herrn the Ruffian (Troll Monk)                      Turns: 1738, Time: 00:08:16

HP   0/45        AC  5     Str 20      XL: 4   Next: 80%
MP   2/2         EV 11     Int  6      God:
Gold 79          SH  0     Dex 12      Spells:  0 memorised,  3 levels left

rFire  . . .     SeeInvis .       - Unarmed
rCold  . . .     Clarity  .     a - +0 robe
rNeg   . . .     Conserve .     (shield restricted)
rPois  .         rCorr    .     (helmet restricted)
rElec  .         rRot     .     (no cloak)
SustAb . .       Spirit   .     (gloves unavailable)
rMut   .         Warding  .     (boots unavailable)
Gourm  +         Stasis   .     (no amulet)
                                (no ring)
                                (no ring)

@: confused, glowing, slightly resistant to hostile enchantments, extremely
unstealthy
A: unfitting armour, claws 3, fast metabolism 3, gourmand, regeneration 2,
saprovore 2, shaggy fur 1, tough skin 2
a: no special abilities


You were on level 3 of the Dungeon.
You were full.

You visited 1 branch of the dungeon, and saw 3 of its levels.

You collected 79 gold pieces.

Inventory:

Armour
 a - a +0 robe (worn)
Comestibles
 b - 2 meat rations
 d - a chunk of bat flesh
 g - an apple
 i - a bread ration
 j - a chunk of iguana flesh
 m - a chunk of bat flesh
Scrolls
 e - 2 scrolls of remove curse {unknown}
 h - a scroll of enchant armour {unknown}
Jewellery
 f - an uncursed amulet of guardian spirit {unknown}
Potions
 c - a potion of curing {unknown}
 k - a potion of speed {unknown}


   Skills:
 * Level 3.3 Fighting
 * Level 3.3 Dodging
 + Level 1.2 Stealth
 + Level 4.6 Unarmed Combat


You had 3 spell levels left.
You didn't know any spells.

Dungeon Overview and Level Annotations

Branches:
Dungeon (3/16)

Altars:

Annotations:
D:3 MirrMurr's ghost, average SpEn


Innate Abilities, Weirdness & Mutations

You are too large for most types of armour.
You have claws for hands.
Your metabolism is lightning-fast.
You like to eat raw meat.
You heal very quickly.
You can eat rotten meat.
You are covered in fur (AC +1).
You have very tough skin (AC +2).


Message History

* * * LOW HITPOINT WARNING * * *
MirrMurr's ghost says with laughter: "And yet I knew I would end up like that..."
MirrMurr's ghost casts a spell at you.
You are more confused.
MirrMurr's ghost gestures at you while chanting.
You resist with significant effort. MirrMurr's ghost casts a spell at you.
You resist with significant effort.
MirrMurr's ghost hits you but does no damage.
MirrMurr's ghost points at you and mumbles some strange words.
You resist with significant effort.
Ouch!
MirrMurr's ghost hits you but does no damage.
Ouch!
MirrMurr's ghost gestures at you while chanting.
You resist with significant effort.
MirrMurr's ghost points at you and mumbles some strange words.
You fall asleep.
MirrMurr's ghost hits you.
You wake up.
You die...

...####.####.#.#
...........#.#.#
#.........#.#.####
#.........#.......
#.........#.#.####
#.........#.#.####
#...).............
#p........#.#.####
#@........#.#.#
#.........#.#.#
#.........#.#.#
#.........#.#.#
..$........#.#.#
.............#.#.#
...........#.###.#.#
#.......#.#..
.#...#.#.#


You could see MirrMurr's ghost.

Vanquished Creatures
  An iguana (D:3)
  3 adders (D:2)
  3 worms (D:2)
  A giant gecko (D:1)
  An orc (D:3)
  A ball python (D:1)
  4 giant cockroaches
  6 hobgoblins
  4 jackals (D:2)
  4 kobolds
  A quokka (D:2)
  8 bats
  3 giant newts
  9 goblins
  2 rats (D:1)
51 creatures vanquished.

Notes
Turn   | Place    | Note
--------------------------------------------------------------
     0 | D:1      | Herrn, the Troll Monk, began the quest for the Orb.
     0 | D:1      | Reached XP level 1. HP: 22/22 MP: 1/1
   189 | D:1      | Reached XP level 2. HP: 27/29 MP: 1/1
   811 | D:2      | Reached XP level 3. HP: 31/37 MP: 2/2
  1145 | D:2      | Reached XP level 4. HP: 35/45 MP: 2/2
  1676 | D:3      | Noticed MirrMurr's ghost (average SpEn)
  1731 | D:3      | HP: 2/45 [MirrMurr's ghost (4)]
  1738 | D:3      | Slain by MirrMurr's ghost

Action                   |  1- 3 |  4- 6 || total
-------------------------+-------+-------++-------
Melee: Unarmed           |    91 |    57 ||   148
 Stab: Sleeping          |     1 |     1 ||     2
